General information
- name: BNet
- type: Ladder team game (AT/RT)
- host: Battle.net
- saver: ORC-LAD-BAD
map: Deadlock
- players: 8
- length: 54:27
- speed: Fast
- version: 1.26 W3XP
- replay type: Public
» download(270 KB)
Players
team 1 (winner)
iloveryuinsun (
red | 80 APM | 1590 actions | 19:59)
4 Death Knight
2 Death Coil
1 Unholy Aura
1 Death Pact
2 Lich
1 Frost Nova
1 Frost Armor
» actions
| Assign group hotkey | 36 | |
| Basic commands | 263 | |
| Build / train | 49 | |
| Enter build submenu | 23 | |
| Enter hero's abilities submenu | 6 | |
| Right click | 406 | |
| Select / deselect | 252 | |
| Select group hotkey | 483 | |
| Use ability | 72 | |
1590 total
» units
| Acolyte | 7 | |
| Ghoul | 3 | |
| Crypt Fiend | 8 | |
| Obsidian Statue | 5 | |
| Frost Wyrm | 3 | |
26 total
» upgrades
| Web | 1 | |
| Destroyer Form | 1 | |
| Freezing Breath | 1 | |
| Creature Attack | 1 | |
| Creature Carapace | 1 | |
5 total
» buildings
| Ziggurat | 7 | |
| Crypt | 1 | |
| Altar of Darkness | 1 | |
| Graveyard | 1 | |
| Tomb of Relics | 1 | |
| Halls of the Dead | 1 | |
| Slaughterhouse | 1 | |
| Necropolis | 3 | |
| Nerubian Tower | 1 | |
| Black Citadel | 1 | |
| Sacrificial Pit | 1 | |
| Boneyard | 2 | |
21 total
» build order
00:11 Ziggurat
00:18 Crypt
00:32 Altar of Darkness
00:52 Graveyard
01:10 Ziggurat
01:44 Tomb of Relics
03:13 Halls of the Dead
04:17 Ziggurat
05:43 Slaughterhouse
05:52 Necropolis
06:07 Ziggurat
06:32 Ziggurat
07:10 Nerubian Tower
07:32 Black Citadel
07:58 Sacrificial Pit
09:44 Ziggurat
09:57 Boneyard
12:46 Necropolis
15:29 Ziggurat
16:21 Necropolis
19:32 Boneyard
» items
| Sacrificial Skull | 1 | |
| Rod of Necromancy | 1 | |
| Scroll of Town Portal | 4 | |
| Potion of Healing | 1 | |
7 total

»
Pqi (
teal | 93 APM | 1856 actions | 20:03)
5 Keeper of the Grove
3 Entangling Roots
2 Thorns Aura
2 Demon Hunter
1 Mana Burn
1 Evasion
» actions
| Assign group hotkey | 40 | |
| Basic commands | 81 | |
| Build / train | 84 | |
| Enter build submenu | 28 | |
| Enter hero's abilities submenu | 7 | |
| Give item / drop item | 5 | |
| Remove unit from queue | 1 | |
| Right click | 552 | |
| Select / deselect | 310 | |
| Select group hotkey | 669 | |
| Use ability | 79 | |
1856 total
» units
| Wisp | 33 | |
| Archer | 5 | |
| Huntress | 1 | |
| Dryad | 12 | |
| Druid of the Talon | 1 | |
| Hippogryph | 3 | |
55 total
» upgrades
| Ultravision | 1 | |
| Strength of the Wild | 2 | |
| Abolish Magic | 1 | |
| Reinforced Hides | 1 | |
| Well Spring | 1 | |
| Druid of the Talon Training | 1 | |
| Nature's Blessing | 1 | |
8 total
» buildings
| Moon Well | 5 | |
| Altar of Elders | 1 | |
| Ancient of War | 1 | |
| Tree of Life | 1 | |
| Tree of Ages | 1 | |
| Hunter's Hall | 1 | |
| Ancient of Lore | 4 | |
| Tree of Eternity | 1 | |
| Ancient of Wind | 2 | |
| Ancient Protector | 10 | |
27 total
» build order
00:07 Moon Well
00:10 Altar of Elders
00:35 Ancient of War
01:55 Moon Well
03:21 Moon Well
03:56 Tree of Life
04:55 Tree of Ages
05:21 Hunter's Hall
06:21 Moon Well
07:32 Ancient of Lore
07:32 Ancient of Lore
07:35 Ancient of Lore
07:47 Ancient of Lore
08:08 Moon Well
09:29 Tree of Eternity
12:16 Ancient of Wind
12:21 Ancient of Wind
14:36 Ancient Protector
14:37 Ancient Protector
14:51 Ancient Protector
14:52 Ancient Protector
14:56 Ancient Protector
14:57 Ancient Protector
15:08 Ancient Protector
16:03 Ancient Protector
17:02 Ancient Protector
17:04 Ancient Protector
» items
| Boots of Speed | 1 | |
| Circlet of Nobility | 2 | |
| Healing Salve | 1 | |
| Scroll of Town Portal | 3 | |
| Potion of Lesser Invulnerability | 1 | |
| Lesser Clarity Potion | 1 | |
9 total
NOOB123 (
yellow | 45 APM | 912 actions | 20:05)
2 Keeper of the Grove
1 Entangling Roots
1 Force of Nature
» actions
| Build / train | 52 | |
| Enter build submenu | 31 | |
| Enter hero's abilities submenu | 2 | |
| Remove unit from queue | 1 | |
| Right click | 448 | |
| Select / deselect | 333 | |
| Use ability | 45 | |
912 total
» units
| Wisp | 22 | |
| Archer | 5 | |
| Chimaera | 3 | |
| Hippogryph | 2 | |
| Dryad | 3 | |
35 total
» upgrades
| Strength of the Wild | 3 | |
| Reinforced Hides | 3 | |
| Well Spring | 1 | |
| Corrosive Breath | 1 | |
| Ultravision | 1 | |
| Abolish Magic | 1 | |
10 total
» buildings
| Altar of Elders | 1 | |
| Moon Well | 7 | |
| Ancient of War | 2 | |
| Hunter's Hall | 1 | |
| Ancient of Wonders | 2 | |
| Ancient Protector | 3 | |
| Tree of Ages | 1 | |
| Tree of Eternity | 1 | |
| Ancient of Wind | 1 | |
| Tree of Life | 5 | |
| Chimaera Roost | 2 | |
| Ancient of Lore | 2 | |
28 total
» build order
00:14 Altar of Elders
00:31 Moon Well
01:18 Ancient of War
01:35 Ancient of War
02:06 Moon Well
02:39 Hunter's Hall
03:30 Ancient of Wonders
03:56 Ancient Protector
04:27 Ancient Protector
04:30 Tree of Ages
06:08 Moon Well
07:00 Tree of Eternity
07:09 Ancient of Wind
08:56 Tree of Life
09:23 Chimaera Roost
09:25 Chimaera Roost
09:36 Moon Well
09:39 Moon Well
14:05 Moon Well
15:44 Ancient of Lore
15:47 Ancient of Lore
16:03 Ancient of Wonders
17:48 Moon Well
18:49 Tree of Life
18:57 Tree of Life
19:13 Tree of Life
19:18 Tree of Life
19:29 Ancient Protector
» items
| Dust of Appearance | 1 | |
| Scroll of Town Portal | 1 | |
2 total
ORC-LAD-BAD (
green | 79 APM | 4304 actions | 54:27)
10 Blademaster
3 Wind Walk
3 Critical Strike
1 Bladestorm
3 Mirror Image
» actions
| Assign group hotkey | 91 | |
| Basic commands | 8 | |
| Build / train | 115 | |
| Enter build submenu | 27 | |
| Enter hero's abilities submenu | 10 | |
| Give item / drop item | 2 | |
| Remove unit from queue | 1 | |
| Right click | 2067 | |
| Select / deselect | 390 | |
| Select group hotkey | 1351 | |
| Use ability | 242 | |
4304 total
» units
| Peon | 19 | |
| Grunt | 4 | |
| Wind Rider | 14 | |
| Hippogryph | 18 | |
| Troll Batrider | 3 | |
| Frost Wyrm | 2 | |
| Raider | 9 | |
69 total
» upgrades
| Reinforced Defenses | 1 | |
| Ranged Weapons | 1 | |
| Armor | 1 | |
| Envenomed Spears | 1 | |
| Liquid Fire | 1 | |
| Pillage | 1 | |
| Melee Weapons | 1 | |
7 total
» buildings
| Altar of Storms | 1 | |
| Orc Burrow | 8 | |
| Barracks | 1 | |
| Voodoo Lounge | 1 | |
| Stronghold | 1 | |
| War Mill | 1 | |
| Great Hall | 4 | |
| Beastiary | 3 | |
| Watch Tower | 23 | |
| Fortress | 2 | |
| Ancient Protector | 9 | |
54 total
» build order
00:07 Altar of Storms
00:18 Orc Burrow
00:36 Barracks
01:25 Orc Burrow
01:55 Voodoo Lounge
02:54 Stronghold
03:56 War Mill
04:40 Great Hall
05:21 Orc Burrow
05:47 Beastiary
06:01 Beastiary
08:46 Watch Tower
08:46 Watch Tower
08:46 Watch Tower
08:47 Watch Tower
09:26 Fortress
09:26 Fortress
09:39 Orc Burrow
09:40 Orc Burrow
09:41 Orc Burrow
10:51 Beastiary
11:24 Orc Burrow
11:29 Watch Tower
11:29 Watch Tower
11:30 Watch Tower
12:40 Watch Tower
12:40 Watch Tower
12:40 Watch Tower
14:35 Great Hall
15:25 Watch Tower
15:25 Watch Tower
18:45 Watch Tower
18:45 Watch Tower
18:46 Watch Tower
20:09 Watch Tower
20:10 Watch Tower
20:57 Orc Burrow
21:03 Ancient Protector
21:03 Ancient Protector
21:03 Ancient Protector
21:04 Ancient Protector
37:48 Great Hall
37:50 Watch Tower
37:51 Watch Tower
37:51 Watch Tower
37:52 Watch Tower
37:52 Watch Tower
37:52 Watch Tower
39:03 Ancient Protector
39:03 Ancient Protector
39:04 Ancient Protector
39:04 Ancient Protector
39:05 Ancient Protector
43:00 Great Hall
» items
| Healing Salve | 4 | |
| Lesser Clarity Potion | 4 | |
| Potion of Healing | 3 | |
| Orb of Lightning | 1 | |
| Staff of Teleportation | 1 | |
| Scroll of Town Portal | 2 | |
| Potion of Mana | 2 | |
| Boots of Speed | 1 | |
| Potion of Lesser Invulnerability | 1 | |
19 total
team 2 (loser)
alessman227 (
blue | 20 APM | 1097 actions | 54:26)
5 Mountain King
3 Storm Bolt
1 Bash
1 Thunder Clap
4 Paladin
2 Holy Light
2 Divine Shield
1 Far Seer
1 Chain Lighting
» actions
| Basic commands | 69 | |
| Build / train | 116 | |
| Enter build submenu | 45 | |
| Enter hero's abilities submenu | 10 | |
| Right click | 265 | |
| Select / deselect | 455 | |
| Use ability | 137 | |
1097 total
» units
| Peasant | 15 | |
| Footman | 14 | |
| Gryphon Rider | 8 | |
| Dragonhawk Rider | 6 | |
| Flying Machine | 5 | |
48 total
» upgrades
| Defend | 2 | |
| Swords | 3 | |
| Armor | 3 | |
| Masonry | 2 | |
| Lumber Harvesting | 2 | |
| Storm Hammers | 1 | |
| Flak Cannons | 1 | |
| Cloud | 1 | |
| Gunpowder | 1 | |
| Plating | 1 | |
| Barrage | 1 | |
18 total
» buildings
| Farm | 11 | |
| Barracks | 1 | |
| Altar of Kings | 1 | |
| Scout Tower | 20 | |
| Arcane Tower | 2 | |
| Arcane Vault | 1 | |
| Blacksmith | 1 | |
| Lumber Mill | 1 | |
| Town Hall | 2 | |
| Keep | 1 | |
| Guard Tower | 8 | |
| Castle | 1 | |
| Gryphon Aviary | 3 | |
| Workshop | 4 | |
57 total
» build order
00:27 Farm
00:43 Barracks
00:59 Altar of Kings
01:07 Farm
01:45 Farm
02:25 Farm
02:36 Scout Tower
03:06 Arcane Tower
03:10 Farm
03:50 Arcane Vault
04:57 Blacksmith
05:29 Scout Tower
05:30 Scout Tower
05:32 Scout Tower
05:37 Lumber Mill
06:02 Town Hall
06:04 Scout Tower
06:07 Scout Tower
06:39 Arcane Tower
07:06 Keep
07:30 Guard Tower
07:54 Guard Tower
07:56 Guard Tower
08:27 Scout Tower
09:11 Scout Tower
09:29 Castle
09:46 Farm
09:54 Gryphon Aviary
10:03 Gryphon Aviary
10:35 Farm
10:42 Gryphon Aviary
11:22 Farm
12:01 Farm
12:33 Workshop
12:44 Farm
12:51 Workshop
21:30 Farm
22:57 Workshop
23:00 Workshop
23:23 Town Hall
26:08 Guard Tower
27:53 Scout Tower
27:55 Scout Tower
27:57 Scout Tower
27:58 Scout Tower
28:01 Scout Tower
28:04 Scout Tower
28:08 Scout Tower
28:25 Scout Tower
28:27 Guard Tower
28:31 Scout Tower
28:32 Scout Tower
28:36 Scout Tower
28:37 Scout Tower
28:39 Guard Tower
28:57 Guard Tower
29:07 Guard Tower
» items
| Staff of Teleportation | 2 | |
| Lesser Clarity Potion | 5 | |
| Healing Salve | 2 | |
| Potion of Mana | 4 | |
| Orb of Lightning | 1 | |
| Scroll of Town Portal | 5 | |
| Potion of Healing | 3 | |
| Boots of Speed | 1 | |
| Potion of Lesser Invulnerability | 1 | |
| Scroll of Regeneration | 1 | |
| Orb of Fire | 1 | |
26 total

»
nwordsinparis (
purple | 56 APM | 2743 actions | 49:18)
6 Warden
1 Fan of Knives
3 Blink
1 Shadow Strike
1 Spirit of Vengeance
5 Priestess of the Moon
3 Trueshot Aura
1 Searing Arrows
1 Scout
1 Tauren Chieftain
1 War Stomp
» actions
| Assign group hotkey | 36 | |
| Basic commands | 4 | |
| Build / train | 125 | |
| ESC pressed | 1 | |
| Enter build submenu | 45 | |
| Enter hero's abilities submenu | 12 | |
| Give item / drop item | 2 | |
| Remove unit from queue | 8 | |
| Right click | 917 | |
| Select / deselect | 986 | |
| Select group hotkey | 464 | |
| Use ability | 141 | |
2743 total
» units
| Wisp | 43 | |
| Huntress | 5 | |
| Dryad | 16 | |
| Archer | 1 | |
| Mountain Giant | 1 | |
| Hippogryph | 9 | |
| Shaman | 1 | |
76 total
» upgrades
| Sentinel | 1 | |
| Abolish Magic | 1 | |
| Strength of the Wild | 3 | |
| Reinforced Hides | 2 | |
| Well Spring | 1 | |
8 total
» buildings
| Moon Well | 9 | |
| Altar of Elders | 3 | |
| Ancient of War | 2 | |
| Hunter's Hall | 2 | |
| Ancient Protector | 3 | |
| Tree of Ages | 2 | |
| Ancient of Wonders | 1 | |
| Tree of Life | 7 | |
| Ancient of Lore | 3 | |
| Tree of Eternity | 1 | |
| Ancient of Wind | 4 | |
| Great Hall | 2 | |
| Watch Tower | 1 | |
40 total
» build order
00:16 Moon Well
00:22 Altar of Elders
01:03 Ancient of War
01:33 Hunter's Hall
01:49 Moon Well
02:36 Ancient Protector
02:58 Moon Well
04:13 Tree of Ages
05:04 Ancient of Wonders
05:45 Tree of Life
06:38 Ancient of Lore
07:03 Ancient of Lore
09:15 Moon Well
10:04 Tree of Eternity
12:20 Moon Well
12:30 Moon Well
14:04 Ancient of Wind
14:32 Ancient Protector
16:40 Tree of Life
25:06 Tree of Life
25:54 Tree of Life
30:48 Tree of Life
32:04 Ancient of Wind
32:06 Ancient of Lore
34:46 Tree of Ages
36:03 Hunter's Hall
36:05 Ancient of War
37:16 Ancient of Wind
38:07 Ancient of Wind
38:12 Ancient Protector
38:26 Moon Well
38:27 Moon Well
38:29 Moon Well
38:47 Great Hall
38:49 Watch Tower
40:30 Altar of Elders
41:44 Tree of Life
42:34 Tree of Life
42:39 Altar of Elders
42:57 Great Hall
» items
| Moonstone | 2 | |
| Scroll of Town Portal | 3 | |
| Orb of Venom | 1 | |
| Potion of Healing | 3 | |
| Scroll of Speed | 1 | |
| Healing Salve | 2 | |
| Lesser Clarity Potion | 1 | |
| Orb of Lightning | 2 | |
| Potion of Lesser Invulnerability | 1 | |
16 total
TinaTina420 (
pink | 33 APM | 800 actions | 24:21)
3 Far Seer
2 Feral Spirit
1 Chain Lighting
1 Tauren Chieftain
1 Endurance Aura
» actions
| Assign group hotkey | 27 | |
| Basic commands | 61 | |
| Build / train | 60 | |
| ESC pressed | 3 | |
| Enter build submenu | 18 | |
| Enter hero's abilities submenu | 6 | |
| Right click | 256 | |
| Select / deselect | 211 | |
| Select group hotkey | 115 | |
| Use ability | 43 | |
800 total
» units
| Peon | 7 | |
| Grunt | 12 | |
| Shaman | 10 | |
| Tauren | 2 | |
| Troll Headhunter/Berserker | 3 | |
| Wind Rider | 7 | |
41 total
» upgrades
| Armor | 2 | |
| Melee Weapons | 2 | |
| Shaman Training | 2 | |
| Berserker Strength | 1 | |
| Troll Regeneration | 1 | |
| Ranged Weapons | 2 | |
| Witch Doctor Training | 1 | |
11 total
» buildings
| Altar of Storms | 1 | |
| Orc Burrow | 9 | |
| Barracks | 2 | |
| Stronghold | 1 | |
| War Mill | 1 | |
| Fortress | 1 | |
| Spirit Lodge | 1 | |
| Watch Tower | 1 | |
| Tauren Totem | 1 | |
| Voodoo Lounge | 1 | |
| Beastiary | 1 | |
20 total
» build order
00:19 Altar of Storms
00:22 Orc Burrow
00:46 Barracks
00:50 Barracks
01:42 Orc Burrow
01:59 Orc Burrow
04:17 Stronghold
04:24 Orc Burrow
04:31 War Mill
05:34 Orc Burrow
05:39 Orc Burrow
06:46 Fortress
06:50 Spirit Lodge
07:04 Watch Tower
09:14 Tauren Totem
09:19 Voodoo Lounge
14:19 Beastiary
16:31 Orc Burrow
16:35 Orc Burrow
19:21 Orc Burrow
BeBrave (
orange | 46 APM | 2494 actions | 54:26)
10 Blademaster
3 Wind Walk
3 Critical Strike
1 Bladestorm
3 Mirror Image
» actions
| Assign group hotkey | 105 | |
| Basic commands | 240 | |
| Build / train | 88 | |
| Enter build submenu | 49 | |
| Enter hero's abilities submenu | 11 | |
| Give item / drop item | 6 | |
| Right click | 957 | |
| Select / deselect | 381 | |
| Select group hotkey | 336 | |
| Use ability | 321 | |
2494 total
» units
| Peon | 17 | |
| Grunt | 3 | |
| Troll Batrider | 21 | |
| Wind Rider | 3 | |
44 total
» upgrades
| Ranged Weapons | 3 | |
| Reinforced Defenses | 1 | |
| Liquid Fire | 1 | |
| Armor | 3 | |
| Troll Regeneration | 1 | |
| Envenomed Spears | 1 | |
10 total
» buildings
| Orc Burrow | 6 | |
| Altar of Storms | 1 | |
| Barracks | 1 | |
| Voodoo Lounge | 2 | |
| Stronghold | 1 | |
| War Mill | 3 | |
| Great Hall | 4 | |
| Watch Tower | 32 | |
| Fortress | 1 | |
| Beastiary | 4 | |
55 total
» build order
00:13 Orc Burrow
00:53 Altar of Storms
00:55 Barracks
01:05 Orc Burrow
01:43 Voodoo Lounge
02:50 Stronghold
03:40 War Mill
04:47 Great Hall
04:56 Watch Tower
04:57 Watch Tower
04:59 Watch Tower
04:59 Watch Tower
05:00 Watch Tower
06:07 Watch Tower
06:10 Watch Tower
07:47 Watch Tower
07:50 Watch Tower
08:09 Fortress
09:29 Beastiary
09:32 Beastiary
09:36 Beastiary
10:30 Watch Tower
10:32 Watch Tower
12:07 Orc Burrow
19:07 Voodoo Lounge
21:01 Beastiary
22:03 Orc Burrow
22:04 Orc Burrow
22:05 Orc Burrow
22:11 War Mill
22:15 Great Hall
22:18 War Mill
23:02 Watch Tower
23:02 Watch Tower
23:03 Watch Tower
23:04 Watch Tower
27:19 Great Hall
27:48 Watch Tower
27:48 Watch Tower
27:49 Watch Tower
27:49 Watch Tower
27:51 Watch Tower
27:51 Watch Tower
27:52 Watch Tower
27:52 Watch Tower
36:14 Great Hall
36:16 Watch Tower
36:17 Watch Tower
36:17 Watch Tower
36:19 Watch Tower
36:21 Watch Tower
36:22 Watch Tower
36:22 Watch Tower
36:23 Watch Tower
» items
| Healing Salve | 6 | |
| Lesser Clarity Potion | 4 | |
| Staff of Teleportation | 2 | |
| Boots of Speed | 1 | |
| Scroll of Town Portal | 3 | |
| Orb of Lightning | 1 | |
| Potion of Healing | 1 | |
| Potion of Mana | 2 | |
| Periapt of Vitality | 1 | |
21 total
Chat log
(00:20 / Allies) iloveryuinsun: thx
(01:08 / Allies) ORC-LAD-BAD: wyverns bats here
(01:18 / Allies) iloveryuinsun: fiend frost
(01:36 / All) TinaTina420: GL HF!
(02:02 / All) BeBrave: Darkness descends upon the kingdom, and madness rules the streets
(02:59 / Allies) Pqi: dont
(03:01 / Allies) Pqi: please
(03:04 / Allies) Pqi: i dont need help
(03:06 / Allies) Pqi: stop leeching
(03:08 / Allies) iloveryuinsun: sorry
(06:58 / Allies) Pqi: going
(08:28 / Allies) iloveryuinsun: tp
(08:37 / Allies) iloveryuinsun: tp
(10:28 / Allies) Pqi: stop
(10:29 / Allies) Pqi: doing
(10:29 / Allies) Pqi: shit
(10:31 / Allies) Pqi: yellow
(11:44 / Allies) iloveryuinsun: bb
(11:45 / Allies) iloveryuinsun: bb
(11:46 / Allies) iloveryuinsun: tp
(11:48 / Allies) ORC-LAD-BAD: wood plz
(11:48 / Allies) iloveryuinsun: tp
(11:49 / Allies) Pqi: YOU
(11:52 / Allies) Pqi: FUCKING
(11:53 / Allies) Pqi: KIDDING
(11:54 / Allies) Pqi: ME
(12:18 / Allies) ORC-LAD-BAD: wood
(12:58 / Allies) iloveryuinsun: with
(13:10 / Allies) iloveryuinsun: bbb
(13:13 / Allies) iloveryuinsun: bbb
(13:14 / Allies) Pqi: fuck
(13:14 / Allies) Pqi: come
(13:19 / Allies) ORC-LAD-BAD: coming
(15:38 / Allies) ORC-LAD-BAD: red wood me 600
(17:34 / All) BeBrave: you can run but you can't hide faggot!
(17:48 / Allies) iloveryuinsun: bb
(17:48 / Allies) Pqi: out
(17:49 / Allies) Pqi: god
(17:51 / Allies) Pqi: green
(17:54 / Allies) Pqi: playing solo
(17:57 / Allies) NOOB123: gj guys
(19:09 / Allies) ORC-LAD-BAD: i
(19:21 / Allies) iloveryuinsun: green gold 5000
(19:24 / Allies) iloveryuinsun: u noob
(19:36 / Allies) Pqi: over
(19:37 / Allies) iloveryuinsun: we lose
(19:40 / Allies) iloveryuinsun: green noob
(19:47 / All) BeBrave: TIME TO DIE MMOTHERFUCKER!!!!
(26:52 / All) ORC-LAD-BAD: nto 2 smart blue
(27:41 / All) BeBrave: Green won't touch me, nobody touches a made man of the Farsanky crime family
(27:46 / All) BeBrave: Or they sleep with the fishes, like blue
(27:55 / All) ORC-LAD-BAD: isnt that a quote from god father
(28:10 / All) BeBrave: Keep asking questions, you'll sleep with the fishes too
(28:20 / All) BeBrave: Whacked personally by yours truly
(31:32 / All) ORC-LAD-BAD: I WAN TTHE honor of purple
(33:12 / All) BeBrave: I wonder why blue thought it was a good idea to kill his allies expo, 4 towers and 5 peons
(33:17 / All) BeBrave: instead of taking another
(33:23 / All) BeBrave: as if there wouldn't be retribution
(34:00 / All) ORC-LAD-BAD: why'd he do that
(34:08 / All) BeBrave: Cuz I had lots of gold I guess
(34:17 / All) BeBrave: he already had an expansion
(41:17 / All) ORC-LAD-BAD: aint no quit in this boy
(44:13 / All) ORC-LAD-BAD: bad boy
(44:15 / All) ORC-LAD-BAD: purple
(44:27 / All) nwordsinparis: nice map hack green
(44:33 / All) ORC-LAD-BAD: i think not
(44:36 / All) ORC-LAD-BAD: its called skill
(44:39 / All) ORC-LAD-BAD: maybe u should learn it lol
(44:44 / All) nwordsinparis: yup, right to altar once i start building
(44:46 / All) nwordsinparis: twice
(44:54 / All) nwordsinparis: maybe you should'nt have someone TK
(44:58 / All) ORC-LAD-BAD: maybe one day you'll get as good as me
(45:04 / All) nwordsinparis: orange has 20k gold
(45:07 / All) nwordsinparis: can't do it all
(45:13 / All) ORC-LAD-BAD: if i had someone tk for me as u say, then obviously i would not be hacking
(45:18 / All) ORC-LAD-BAD: i have 15k
(45:19 / All) ORC-LAD-BAD: its fair
(45:22 / All) ORC-LAD-BAD: u lost fair and square
(45:45 / All) nwordsinparis: wtf are you talking about
(45:53 / All) nwordsinparis: orange and blue were fucking each other
(45:57 / All) ORC-LAD-BAD: i have 15k,
(46:02 / All) ORC-LAD-BAD: i did not help my team either man
(46:05 / All) ORC-LAD-BAD: just defended my base
(46:15 / All) ORC-LAD-BAD: it was a 3v3 practically
(46:20 / All) ORC-LAD-BAD: it was even stevens
(46:23 / All) nwordsinparis: good for fucking you, this would've been over 20 minutes ago had he helped us
(46:28 / All) nwordsinparis: you're better than orange
(46:35 / All) ORC-LAD-BAD: no, orange is my liege lord
(46:38 / All) ORC-LAD-BAD: i do what he says
(46:51 / All) ORC-LAD-BAD: obviously if i was better i would be his lord
(47:40 / All) ORC-LAD-BAD: u are a piece of dust compared to me purple
(47:42 / All) ORC-LAD-BAD: u must envy me
(48:56 / All) BeBrave: I was handicapped with blue and purple
(49:04 / All) BeBrave: If I had real allies I would have won 30 minutes ago!
(49:15 / All) nwordsinparis: no purple here dumbfuck
(49:21 / All) ORC-LAD-BAD: pink and purple were annoying, they didnt even harass they just got in the way of my base
(49:26 / All) BeBrave: lawl
(49:27 / All) ORC-LAD-BAD: lo
(49:31 / All) ORC-LAD-BAD: i had to read that twice to undersand it
(49:56 / All) ORC-LAD-BAD: i attack ur peon i attack ur peon
(50:15 / All) BeBrave: I guess blue ain't leavin'
(50:30 / All) ORC-LAD-BAD: want to just give him the win it'll take a long ass time to kill ur shit
(50:35 / All) ORC-LAD-BAD: has he said anything
(50:53 / All) BeBrave: it won't take long at all
(50:56 / All) BeBrave: and he deserves it
(51:10 / All) ORC-LAD-BAD: how much gold did u have when he tked u
(51:20 / All) BeBrave: like 6 k or so
(51:32 / All) ORC-LAD-BAD: teal was the teal guy from our last game that tried to tk me
(51:40 / All) ORC-LAD-BAD: he was really pissed this game lol
(51:41 / All) BeBrave: lozl
(51:46 / All) BeBrave: what did he say
(51:48 / All) ORC-LAD-BAD: "WTF ARE U DOING YELLOW DO SOMETHING SHIT HEAD"
(52:18 / All) BeBrave: yellow is jkust a noob
(52:20 / All) ORC-LAD-BAD: he didnt say much but the little there was gave me achuckle
(52:23 / All) BeBrave: no reason to get mad at him